 Dungeon Crawl Stone Soup version 0.29-a0-330-g52719c12eb (webtiles) character file.

Game seed: 15334366561597373146

257 kae the Firebug (level 5, -1/38 HPs)
             Began as a Demigod Fire Elementalist on Apr 23, 2022.
             Engulfed by a cloud of steam (9 damage)
             ... on level 3 of the Dungeon.
             The game lasted 00:02:31 (3345 turns).

kae the Firebug (Demigod Fire Elementalist)         Turns: 3345, Time: 00:02:32

Health: -1/38      AC:  3    Str:  9    XL:     5   Next: 61%
Magic:  4/12       EV: 12    Int: 21    God:
Gold:   191        SH:  0    Dex: 14    Spells: 4/10 levels left

rFire   . . .      SeeInvis .   f - +2 short sword (flame)
rCold   . . .      Faith    .   (no shield)
rNeg    . . .      Spirit   .   a - +0 robe
rPois   .          Reflect  .   k - +1 hat
rElec   .          Harm     .   (no cloak)
rCorr   .          Rampage  .   (no gloves)
Will    .....                   (no boots)
Stlth   +.........              (no amulet)
HPRegen 0.12/turn               (no ring)
MPRegen 0.13/turn               (no ring)

@: very slow
A: high MP 1, forlorn, divine attributes
a: no special abilities


You were on level 3 of the Dungeon.
You visited 1 branch of the dungeon, and saw 3 of its levels.

You collected 191 gold pieces.

Inventory:

Hand Weapons
 d - a +0 short sword
 f - a +2 short sword of flaming (weapon)
Armour
 a - a +0 robe (worn)
 k - a +1 hat (worn)
Jewellery
 n - a +6 ring of intelligence
Wands
 e - a wand of paralysis (3)
Scrolls
 j - a scroll of summoning
 l - a scroll of holy word
 o - a scroll of teleportation {unknown}
Potions
 b - a potion of magic
 c - a potion of brilliance {unknown}
 g - a potion of curing
 h - a potion of heal wounds
 i - 2 potions of might {unknown}


   Skills:
 - Level 1.7 Dodging
 - Level 1.7 Stealth
 + Level 3.2 Spellcasting
 + Level 3.1 Conjurations
 + Level 4.1 Fire Magic


You had 4 spell levels left.
You knew the following spells:

 Your Spells              Type           Power      Damage    Failure   Level
a - Foxfire               Conj/Fire      72%        2x1d7     3%          1
b - Scorch                Fire           42%        2d7       3%          2
c - Conjure Flame         Conj/Fire      18%        6-21      9%          3

Your spell library contained the following spells:

 Spells                   Type           Power      Damage    Failure   Level
 Inner Flame              Hex/Fire       12%        N/A       17%         3
 Flame Wave               Conj/Fire      18%        2d6       28%         4


Dungeon Overview and Level Annotations

Branches:
Dungeon (3/15)

Shops:
D:1 =


Innate Abilities, Weirdness & Mutations

You have an increased reservoir of magic. (+10% MP)
You shall have no god before yourself.
Your divine heritage dramatically boosts your attributes as you level up.


Message History

You are engulfed in a cloud of scalding steam.
* * * LOW HITPOINT WARNING * * *
You are engulfed in a cloud of scalding steam.
* * * LOW HITPOINT WARNING * * *
Unknown command.
Your foxfire dissipates! x2
You see here an adder corpse.
Casting: Foxfire (safe; 3% risk of failure)
Confirm with . or Enter, or press ? or * to list all spells.
You conjure some foxfire!
The rat barely misses you.
The foxfire hits the rat.
You kill the rat!
You see here an adder corpse.
You start resting.
A rat comes into view.
Casting: Foxfire (safe; 3% risk of failure)
Confirm with . or Enter, or press ? or * to list all spells.
You conjure some foxfire!
The foxfire hits the rat.
You kill the rat!
Your foxfire dissipates!
A worm comes into view.
The worm moves out of view.
An adder and a river rat come into view.
Casting: Foxfire (safe; 3% risk of failure)
Confirm with . or Enter, or press ? or * to list all spells.
You conjure some foxfire!
The foxfire hits the worm.
The worm is moderately wounded.
You are engulfed in a cloud of scalding steam.
* * * LOW HITPOINT WARNING * * *
The foxfire hits the worm.
The worm is heavily wounded.
The river rat is engulfed in a cloud of scalding steam.
Casting: Foxfire (safe; 3% risk of failure)
Confirm with . or Enter, or press ? or * to list all spells.
Flames lash the worm.
The worm is almost dead.
The worm's fire resistance burns away.
You are engulfed in a cloud of scalding steam.
You die...

******** *≈#≈∩*≈*** *≈*≈**≈≈≈*
#####*****≈*S##≈*≈*
#...,,,,,*≈*≈≈#≈*≈*
####.#*******≈##≈#≈*≈*
#....########≈≈§r#≈#≈************
............####w#≈#≈*,,,,,,,,,,,
..#######.#.#†≈≈@≈≈#≈*,*********,
..#.## #.#*#≈########.# *,
)....## #.# #≈§≈≈≈≈≈≈≈.# ***,
<.....#*#.######§#≈#≈≈.#******,,,
.).....##.##..≈≈≈§§.≈...,,,,,,,,,
......###.##..[.≈.....##******,*,
.#...## #.............# *,*,
.#...#**#.#...#####.### *,*,
...#......##### *.# *,**


You could see a worm (combustible) and a river rat.

Vanquished Creatures
  Ijyb (D:3)
  Natasha (thrice) (D:2)
  An orc wizard (D:3)
  Robin (D:1)
  2 adders (D:3)
  2 river rats (D:3)
  3 dart slugs (D:2)
  4 orcs
  3 ball pythons
  6 endoplasms
  3 giant cockroaches
  12 goblins
  7 hobgoblins
  7 kobolds
  5 quokkas
  6 bats
  4 frilled lizards
  6 rats
76 creatures vanquished.

Vanquished Creatures (others)
  223 foxfires
223 creatures vanquished.

Grand Total: 299 creatures vanquished

Notes
Turn   | Place    | Note
-------+----------+-------------------------------------------
     0 | D:1      | kae the Demigod Fire Elementalist began the quest for the
                  | Orb.
     0 | D:1      | Reached XP level 1. HP: 14/14 MP: 5/5
    98 | D:1      | Reached skill level 1 in Conjurations
   467 | D:1      | Reached XP level 2. HP: 20/20 MP: 5/7
   569 | D:1      | Found Aseontic's Jewellery Shoppe.
   637 | D:1      | Reached skill level 3 in Fire Magic
  1554 | D:2      | Noticed Robin
  1610 | D:2      | Reached XP level 3. HP: 26/26 MP: 6/9
  1804 | D:1      | Killed Robin
  2047 | D:2      | Noticed Natasha
  2053 | D:2      | Killed Natasha
  2054 | D:2      | Reached XP level 4. HP: 33/33 MP: 6/10
  2063 | D:2      | Learned a level 2 spell: Scorch
  2067 | D:2      | Learned a level 3 spell: Conjure Flame
  2470 | D:2      | Noticed Natasha
  2478 | D:2      | Killed Natasha
  2705 | D:2      | Noticed Natasha
  2713 | D:2      | Killed Natasha
  3189 | D:3      | Reached XP level 5. HP: 16/38 MP: 7/12
  3190 | D:3      | Noticed an orc warrior
  3222 | D:3      | Noticed Ijyb
  3238 | D:3      | Killed Ijyb
  3239 | D:3      | Reached skill level 4 in Fire Magic
  3345 | D:3      | Engulfed by a cloud of steam

Illustrated notes

Levels and vault maps discovered:
D:1:      elethiomel_arrival_quiet, layout_loops_ring, serial_shops, shop,
          grunt_decor_one_mirror
D:2:      layout_rooms, hellmonk_ecumenical_altar_blasted, minmay_octomino_j4,
          uniq_robin, uniq_natasha
D:3:      layout_loops_ring, lightli_sewer_entry_pipes,
          chequers_decorated_corner, uniq_ijyb

Skill      XL: |  1  2  3  4  5 |
---------------+----------------+-----
Conjurations   | 1 2 3 |  3.1
Spellcasting   | 2 3 |  3.2
Fire Magic     | 3 4 |  4.1
Dodging        | |  1.7
Stealth        | |  1.7

Action                   |  1- 3 |  4- 6 || total
-------------------------+-------+-------++-------
Melee: Unarmed           |     5 |       ||     5
       Short sword       |    15 |     6 ||    21
 Cast: Foxfire           |    79 |    57 ||   136
       Scorch            |       |     4 ||     4
  Use: Scroll            |     2 |     4 ||     6
 Stab: Sleeping          |       |     3 ||     3
Armor: Robe              |    10 |     5 ||    15
Dodge: Dodged            |    47 |    36 ||    83

Table legend: (Time is in decaauts)
 A = Elapsed time spent in this place.
 B = Non-inter-level travel time spent in this place.
 C = Inter-level travel time spent in this place.
 D = Time resting spent in this place.
 E = Time spent auto-exploring this place.
 F = Levels seen in this place.
 G = Mean time per level.
                   A        B        C        D        E       F      G
               +--------+--------+--------+--------+--------+-----+--------+
         Total |   3359 |   3252 |    107 |    255 |   2432 |   3 | 1119.7 |
       Dungeon |   3359 |   3252 |    107 |    255 |   2432 |   3 | 1119.7 |
               +--------+--------+--------+--------+--------+-----+--------+

Top non-repeatable levels by time:
     D:1: 1779 daAuts
     D:2: 1398 daAuts
     D:3: 182 daAuts
